 Dungeon Crawl Stone Soup version 0.26-a0-642-g67e99244d3 (webtiles) character file.

Game seed: 8510101552544166778

134531 DogServant the Geomancer (level 17, 44/104 HPs)
             Began as a Gargoyle Earth Elementalist on Sept 21, 2020.
             Was a Priest of Sif Muna.
             Quit the game on level 2 of the Abyss.
             The game lasted 02:30:33 (47469 turns).

DogServant the Geomancer (GrEE)                    Turns: 47469, Time: 02:30:34

Health: 44/104     AC: 26    Str: 14    XL:     17   Next: 17%
Magic:  4/41       EV: 12    Int: 21    God:    Sif Muna [***...]
Gold:   61         SH:  9    Dex: 10    Spells: 3/39 levels left

rFire    . . .     SeeInvis .   G - staff of conjuration
rCold    . . .     Faith    .   r - +0 buckler
rNeg     + . .     Spirit   .   L - +4 steam dragon scales
rPois    ∞         Reflect  +   n - +1 hat
rElec    +         Harm     .   b - +2 cloak {Stlth+}
rCorr    .         Rampage  .   i - +0 pair of gloves
MR       +....                  (no boots)
Stlth    ++........             u - amulet of reflection
HPRegen  0.27/turn              U - ring of wizardry
MPRegen  0.27/turn              D - ring of magical power

@: flying, studying Staves
A: big wings, negative energy resistance 1, electricity resistance, unbreathing,
petrification resistance, rot immunity, AC +12
a: Stop Flying, Channel Magic, Forget Spell, Renounce Religion


You were on level 2 of the Abyss.
You worshipped Sif Muna.
Sif Muna was most pleased with you.
You visited 7 branches of the dungeon, and saw 27 of its levels.
You visited the Abyss 1 time.
You also visited: Sewer, Ossuary and Volcano.

You collected 3420 gold pieces.
You spent 3359 gold pieces at shops.

Inventory:

Missiles
 d - 43 stones (quivered)
Armour
 b - a +2 cloak of stealth (worn)
 i - a +0 pair of gloves (worn)
 n - a +1 hat (worn)
 r - a +0 buckler (worn)
 L - +4 steam dragon scales (worn)
Magical Staves
 G - an uncursed staff of conjuration (weapon)
 S - an uncursed staff of air
 T - an uncursed staff of earth
Jewellery
 k - a +4 ring of protection {unknown}
 l - the ring of Olaheig {rPois MP+9 Int+3, unknown}
   (You found it on level 2 of the Abyss)

   [ring of magical power]

   It affects your intelligence (+3).
   It protects you from poison.
   It affects your magic capacity (+9).
 u - an amulet of reflection (around neck)
 C - an uncursed ring of protection from magic
 D - a ring of magical power (right hand)
 Q - an uncursed ring of protection from cold
 U - a ring of wizardry (left hand)
Wands
 c - a wand of flame (9)
 o - a wand of polymorph (8)
 p - a wand of paralysis (8)
 t - a wand of random effects (29)
 I - a wand of digging (4)
 P - a wand of enslavement (7)
 W - a wand of iceblast (13)
Scrolls
 a - a scroll of enchant armour
 e - 17 scrolls of remove curse
 g - 3 scrolls of identify
 h - 2 scrolls of fear
 j - 5 scrolls of teleportation
 s - 4 scrolls of blinking
 z - 3 scrolls of enchant weapon
Potions
 f - 2 potions of invisibility
 m - 7 potions of curing
 x - a potion of magic
 A - 6 potions of stabbing
 B - a potion of heal wounds
 E - 3 potions of ambrosia
 F - 3 potions of lignification
 H - 2 potions of resistance
 J - 2 potions of brilliance
 K - 5 potions of mutation
 O - 2 potions of cancellation
Books
 V - a manual of Staves
Miscellaneous
 Z - a phial of floods


   Skills:
 - Level 11.2 Fighting
 - Level 1.7 Dodging
 - Level 2.2 Stealth
 - Level 4.1 Shields
 + Level 11.6 Spellcasting
 + Level 13.6 Conjurations
   Level 4.5 Hexes
 - Level 5.0 Translocations
 - Level 7.3 Transmutations
 + Level 6.0 Air Magic
 - Level 14.6 Earth Magic
 - Level 10.0 Invocations
 - Level 5.5 Evocations


You had 3 spell levels left.
You knew the following spells:

 Your Spells              Type           Power        Failure   Level
a - Iskenderun's Mystic   Conj/Tloc      ######..     1%          4
b - Stone Arrow           Conj/Erth      ######       1%          3
c - Petrify               Tmut/Erth      ######..     1%          4
d - Lee's Rapid Deconstr  Erth           ######....   1%          5
e - Conjure Ball Lightni  Conj/Air       ######....   6%          6
f - Orb of Destruction    Conj           #######...   7%          7
g - Lightning Bolt        Conj/Air       ######....   1%          5
h - Blink                 Tloc           N/A          1%          2

Your spell library contained the following spells:

 Spells                   Type           Power        Failure   Level
 Sandblast                Erth           ######       0%          1
 Apportation              Tloc           ####..       1%          1
 Beastly Appendage        Tmut           #####.       1%          1
 Corona                   Hex            ####...      1%          1
 Foxfire                  Conj/Fire      ####         1%          1
 Ensorcelled Hibernation  Hex/Ice        ###...       1%          2
 Passwall                 Tmut/Erth      ######..     1%          2
 Slow                     Hex            ####....     1%          2
 Wereblood                Tmut           #####...     1%          2
 Confusing Touch          Hex            ####....     1%          3
 Conjure Flame            Conj/Fire      ######..     1%          3
 Dazzling Flash           Conj/Hex       ######       1%          3
 Gell's Gravitas          Tloc           ####......   1%          3
 Lesser Beckoning         Tloc           ####......   1%          3
 Portal Projectile        Hex/Tloc       ####..       1%          3
 Spider Form              Tmut/Pois      ####......   1%          3
 Static Discharge         Conj/Air       ######..     1%          3
 Teleport Other           Tloc           ####....     1%          3
 Tukima's Dance           Hex            ####....     1%          3
 Animate Skeleton         Necr           ##....       2%          1
 Pain                     Necr           ##..         2%          1
 Summon Small Mammal      Summ           ##..         2%          1
 Inner Flame              Hex/Fire       ###.....     2%          3
 Summon Guardian Golem    Hex/Summ       ###.....     2%          3
 Call Imp                 Summ           ##......     3%          2
 Call Canine Familiar     Summ           ##......     7%          3
 Vampiric Draining        Necr           ##........   7%          3
 Airstrike                Air            #####.....   1%          4
 Leda's Liquefaction      Hex/Erth       ######....   1%          4
 Sticky Flame             Conj/Fire      ######..     1%          4
 Iskenderun's Battlesphe  Conj           #######.     1%          5
 Passage of Golubria      Tloc           N/A          2%          4
 Cause Fear               Hex            ####......   3%          4
 Blade Hands              Tmut           #####.....   3%          5
 Borgnjor's Vile Clutch   Necr/Erth      #####.....   3%          5
 Ice Form                 Ice/Tmut       ####....     4%          4
 Summon Lightning Spire   Summ/Air       ###.....     6%          4
 Silence                  Hex/Air        ####......   7%          5
 Alistair's Intoxication  Tmut/Pois      ####.....    14%         5
 Animate Dead             Necr           ##........   22%         4
 Summon Ice Beast         Ice/Summ       ##......     22%         4
 Dispersal                Tloc           ####......   38%         6
 Lehudib's Crystal Spear  Conj/Erth      #######...   38%         8
 Invisibility             Hex            ####....     45%         6
 Agony                    Necr           ##......     50%         5
 Chain Lightning          Conj/Air       ######....   91%         8
 Death Channel            Necr           ##........   96%         6
 Simulacrum               Ice/Necr       ##........   96%         6
 Shatter                  Erth           ######....   99%         9
 Monstrous Menagerie      Summ           ##........   100%        7
 Summon Greater Demon     Summ           ##........   100%        7
 Ignition                 Fire           ##........   100%        8
 Summon Horrible Things   Summ           ##........   100%        8
 Tornado                  Air            #####.....   100%        9


Dungeon Overview and Level Annotations

Branches:
Dungeon (15/15)            Temple (1/1) D:5            Lair (6/6) D:10
  Swamp (1/4) Lair:3        Snake (1/4) Lair:3        Slime (0/5) Lair:5
    Orc (2/2) D:9             Elf (1/3) Orc:2        Vaults (0/5) D:13
 Depths (0/5) D:15          Sewer (visited)         Ossuary (visited)
Volcano (visited)

Altars:
Ashenzari
Cheibriados
Dithmenos
Elyvilon
Fedhas
Gozag
Hepliaklqana
Kikubaaqudgha
Makhleb
Nemelex Xobeh
Okawaru
Qazlal
Ru
Sif Muna
Trog
Uskayaw
Vehumet
Wu Jian
Xom
Yredelemnul
Zin
The Shining One

Shops:
D:4 *   D:7 (   D:13 (   D:14 }**(   Orc:2 ?*:[   Elf:1 [(*!

Portals:
Pandemonium: Orc:2
Trove: D:12 (give +7 demon blade)

Annotations:
D:12 Frances
D:15 Louise
Elf:1 Asterion


Innate Abilities, Weirdness & Mutations

You are resistant to torment.
Your stone body is resilient. (AC +12)
You are immune to poison.
Your large and strong wings let you fly indefinitely.
You resist negative energy. (rN+)
You are resistant to electric shocks. (rElec)
You can survive without breathing.
You are immune to petrification.
You are immune to rotting.


Message History

A raiju comes into view.
Okay, then.
Okay, then.
Okay, then.
Casting: Stone Arrow (safe; 1% risk of failure)
Confirm with . or Enter, or press ? or * to list all spells.
You feel a surge of power!
You erupt in a blast of force!
The mystic blast hits the merfolk!
The merfolk is lightly wounded.
The merfolk is knocked back by the mystic blast.
The merfolk slams into the stone wall!
The mystic blast hits the wretched star!!
The wretched star is moderately damaged.
The wretched star is knocked back by the mystic blast.
You hear a horrible gurgling sound!
A starcursed mass splits.
A mana viper comes into view.
Okay, then.
Okay, then.
Are you sure you want to abandon this character and quit the game? (Confirm with "yes".)

#### ##..#
#!m### #@.*X##
###t.X#
..###XYRh..
......##..○S.
........©#©._..
........##...X.
......###......
.....# #...###X
... . .#


You could see 3 starcursed masses, a wretched star, a merfolk, a fire crab
shaped shifter, a large abomination, a mana viper, an efreet, a raiju and an ice
beast.

Vanquished Creatures
  Jorgrun (D:9)
  Kirke (Lair:4)
  Snorg (D:10)
  A deep elf death mage (Elf:1)
  A fire dragon (Lair:6)
  7 hydras
  2 anacondas
  A catoblepas (Lair:6)
  3 centaur warriors
  A death knight (D:13)
  A shambling mangrove (Swamp:1)
  4 two-headed ogres
  6 dancing weapons
  An alligator (shapeshifter) (Elf:1)
  A tengu warrior (D:13)
  Erica (D:10)
  A death yak (D:12)
  A naga sharpshooter (Snake:1)
  2 orc high priests (Orc:2)
  A thrashing horror (Abyss:2)
  Sonja (D:10)
  2 spriggans (Swamp:1)
  4 deep elf knights (Elf:1)
  Nergalle (D:10)
  A swamp dragon (Lair:6)
  2 unseen horrors
  3 deep elf archers (Elf:1)
  An infernal demonspawn (Orc:2)
  A torturous demonspawn (Orc:2)
  A gelid demonspawn (Orc:2)
  An orange crystal statue (D:15)
  A mana viper (Snake:1)
  6 orc knights
  11 orc sorcerers (Orc:2)
  4 ugly things
  An oklob plant (Lair:5)
  A cyclops (Orc:2)
  18 deep elf magi
  A salamander (Snake:1)
  8 elephants
  10 black mambas
  Maurice (Orc:1)
  An eye of devastation (shapeshifter) (D:13)
  11 cane toads
  A smoke demon (Orc:2)
  An orange demon (Orc:2)
  A rime drake (shapeshifter) (Elf:1)
  Maggie (Lair:2)
  10 rime drakes
  5 kobold demonologists
  9 komodo dragons
  An ancient zyme (Abyss:2)
  A tengu conjurer (D:13)
  3 hellwings (Orc:2)
  6 trolls
  2 tyrant leeches (Swamp:1)
  5 hornets (Swamp:1)
  13 blink frogs
  9 hippogriffs
  A wolf spider simulacrum (D:15)
  A bog body (Lair:3)
  10 slime creatures
  A frost giant simulacrum (Abyss:2)
  A flying skull (Abyss:2)
  An air elemental (Elf:1)
  A wraith (D:13)
  A water elemental (D:11)
  3 wyverns
  A vampire (D:13)
  2 fire elementals (Elf:1)
  4 hogs
  2 basilisks
  10 fire bats
  3 steam dragons
  28 yaks
  A chaos spawn (Orc:2)
  11 vampire mosquitoes
  4 swamp worms
  3 nagas (Lair:3)
  A warg (Orc:1)
  4 insubstantial wisps (Swamp:1)
  9 water moccasins
  A hornet zombie (D:13)
  8 porcupines
  3 ice beasts
  38 orc warriors
  3 sky beasts
  2 black bears
  An eye of draining (D:13)
  7 ogres
  3 phantoms
  9 wolves (Lair:6)
  17 centaurs
  9 crocodiles
  24 big kobolds
  15 bullfrogs
  An elf skeleton (D:7)
  A scorpion (D:12)
  3 killer bees (D:9)
  An electric eel (Lair:3)
  2 howler monkeys
  6 lava snakes (Volcano)
  A bullfrog zombie (D:6)
  A quasit (D:7)
  10 hounds
  A gnoll shaman (D:4)
  A human zombie (D:7)
  20 orc wizards
  4 centaur zombies
  23 orc priests
  3 bullfrog skeletons
  19 jellies
  2 human skeletons (D:7)
  10 iguanas
  Natasha (twice) (D:3)
  9 worker ants
  2 big kobold zombies (Ossuary)
  3 hound zombies
  A hound skeleton (D:11)
  8 mummies (Ossuary)
  Robin (D:3)
  15 gnolls
  A howler monkey skeleton (D:7)
  19 adders
  3 shadow imps
  3 white imps
  16 oozes
  An ufetubus (D:7)
  An adder skeleton (D:5)
  6 worms
  2 leopard geckos
  80 orcs
  12 bats
  6 giant cockroaches
  A gnoll zombie (Ossuary)
  11 goblins
  13 hobgoblins
  10 jackals
  36 kobolds
  4 quokkas
  4 ball pythons (Sewer)
  9 frilled lizards
  4 kobold zombies (Ossuary)
  2 leopard gecko skeletons
  2 orc skeletons (D:7)
  An orc zombie (Ossuary)
  A quokka skeleton (D:10)
  14 rats
853 creatures vanquished.

Vanquished Creatures (others)
  A golden eye (shapeshifter) (Elf:1)
  A water moccasin (Lair:5)
  An orc priest (D:3)
  An orc (D:3)
  A goblin (D:3)
  3 kobolds
  57 fungi
  65 plants
  2 starspawn tentacles (Abyss:2)
132 creatures vanquished.

Grand Total: 985 creatures vanquished

Notes
Turn   | Place    | Note
-------+----------+-------------------------------------------
     0 | D:1      | DogServant the Gargoyle Earth Elementalist began the quest
                  | for the Orb.
     0 | D:1      | Reached XP level 1. HP: 10/10 MP: 3/3
   188 | D:1      | Reached skill level 4 in Earth Magic
   188 | D:1      | Reached XP level 2. HP: 12/15 MP: 3/5
   698 | D:1      | Reached XP level 3. HP: 8/19 MP: 3/6
  1087 | D:2      | Found an ancient bone altar of Kikubaaqudgha.
  1118 | D:2      | Found a blossoming altar of Fedhas.
  1428 | D:2      | Found a shadowy altar of Dithmenos.
  1445 | D:2      | Reached XP level 4. HP: 22/24 MP: 8/8
  1744 | D:2      | Reached skill level 5 in Earth Magic
  1875 | D:2      | Found a bloodstained altar of Trog.
  2004 | D:2      | Reached XP level 5. HP: 27/28 MP: 0/10
  2249 | D:3      | Learned a level 3 spell: Stone Arrow
  2254 | D:3      | Learned a level 4 spell: Petrify
  2266 | D:3      | Found a radiant altar of Vehumet.
  2295 | D:3      | Reached skill level 1 in Transmutations
  2323 | D:3      | Noticed Natasha
  2337 | D:3      | Killed Natasha
  2337 | D:3      | Reached skill level 1 in Conjurations
  2426 | D:3      | Reached XP level 6. HP: 32/32 MP: 6/11
  2507 | D:3      | Found an opulent altar of Gozag.
  2708 | D:3      | Noticed Natasha
  2713 | D:3      | Killed Natasha
  2743 | D:3      | Noticed Robin
  2762 | D:3      | Reached skill level 6 in Earth Magic
  2766 | D:3      | Killed Robin
  3451 | D:4      | Found Ruiruf's General Store.
  3460 | D:4      | Bought 20 stones for 22 gold pieces
  3460 | D:4      | Bought a scroll of teleportation for 33 gold pieces
  3523 | D:4      | Reached XP level 7. HP: 35/36 MP: 4/13
  4134 | D:5      | Entered Level 5 of the Dungeon
  4176 | D:5      | Found a glowing drain.
  4188 | Sewer    | Entered a sewer
  5050 | D:5      | Reached skill level 7 in Earth Magic
  5283 | D:5      | Found a staircase to the Ecumenical Temple.
  5320 | Temple   | Entered the Ecumenical Temple
  5375 | Temple   | Became a worshipper of Sif Muna the Loreminder
  5427 | D:5      | Reached skill level 1 in Fighting
  5427 | D:5      | Reached XP level 8. HP: 27/43 MP: 9/14
  5621 | D:5      | Found a basalt altar of Yredelemnul.
  6992 | D:6      | Reached skill level 5 in Conjurations
  6992 | D:6      | Reached skill level 8 in Earth Magic
  7505 | D:7      | Found a burning altar of Makhleb.
  7505 | D:7      | Noticed a balrug
  7571 | D:7      | Found a sand-covered staircase.
  7602 | D:7      | Reached XP level 9. HP: 36/52 MP: 6/15
  7612 | Ossuary  | Entered an ossuary
  7718 | Ossuary  | Reached * piety under Sif Muna
  8407 | D:7      | Reached ** piety under Sif Muna
  8847 | D:7      | Found Nemapoagum's Weapon Shop.
  9196 | D:8      | Identified a scroll of acquirement
  9196 | D:8      | Acquired an uncursed staff of conjuration
  9348 | D:8      | Learned a level 5 spell: Lee's Rapid Deconstruction
  9600 | D:8      | Reached skill level 9 in Earth Magic
  9760 | D:8      | Noticed a two-headed ogre
  9861 | D:8      | Killed a two-headed ogre
  9861 | D:8      | Reached skill level 5 in Fighting
  9861 | D:8      | Reached skill level 5 in Transmutations
 10254 | D:8      | Reached skill level 5 in Spellcasting
 10254 | D:8      | Reached XP level 10. HP: 54/59 MP: 17/17
 10615 | D:9      | Found a staircase to the Orcish Mines.
 10730 | D:9      | Reached *** piety under Sif Muna
 10743 | D:9      | Noticed a two-headed ogre
 10766 | D:9      | Killed a two-headed ogre
 10766 | D:9      | Reached skill level 1 in Shields
 10766 | D:9      | Reached skill level 1 in Invocations
 10766 | D:9      | Reached skill level 1 in Evocations
 10904 | D:9      | Found a shattered altar of Ashenzari.
 11011 | D:9      | Found a hazy altar of Hepliaklqana.
 11044 | D:9      | Reached skill level 10 in Earth Magic
 11366 | D:9      | Found a snail-covered altar of Cheibriados.
 11366 | D:9      | Found a shimmering altar of Xom.
 11367 | D:9      | Found an iron altar of Okawaru.
 11389 | D:10     | Entered Level 10 of the Dungeon
 11530 | D:10     | Noticed Erica
 11534 | D:10     | Killed Erica
 11543 | D:10     | Acquired the Grimoire of the Ashen Voyage
 11549 | D:10     | Learned a level 3 spell: Teleport Other
 11554 | D:10     | Learned a level 4 spell: Leda's Liquefaction
 11810 | D:10     | Found a shimmering altar of Xom.
 11815 | D:10     | Got a steaming robe
 11826 | D:10     | Identified the +1 robe of the Devil's Team {-Cast rPois
                  | Str+10} (You found it on level 10 of the Dungeon)
 11842 | D:10     | Found a staircase to the Lair.
 12290 | D:10     | Noticed a kobold demonologist
 12298 | D:10     | Reached XP level 11. HP: 64/64 MP: 19/20
 12382 | D:10     | Reached **** piety under Sif Muna
 12433 | D:10     | Noticed a two-headed ogre
 12449 | D:10     | Killed a two-headed ogre
 12890 | D:10     | Noticed a soul eater
 13049 | D:10     | Noticed Nergalle
 13173 | Orc:1    | Entered Level 1 of the Orcish Mines
 13655 | Orc:1    | Noticed Jorgrun
 13960 | D:11     | Killed an unseen horror
 13960 | D:11     | Reached skill level 5 in Invocations
 14111 | D:11     | Reached skill level 1 in Translocations
 14638 | D:11     | Noticed a green ugly thing
 14673 | D:11     | Killed a green ugly thing
 15258 | D:11     | Noticed a death yak
 15359 | D:12     | Reached skill level 1 in Hexes
 15587 | D:12     | Reached ***** piety under Sif Muna
 15607 | D:12     | Reached XP level 12. HP: 69/71 MP: 20/22
 15678 | D:12     | Noticed Frances
 15762 | D:12     | Identified Sif Muna's Almanac of Combat Magic (Sif Muna
                  | gifted it to you on level 12 of the Dungeon)
 15762 | D:12     | Received a gift from Sif Muna
 15771 | D:12     | Learned a level 5 spell: Iskenderun's Battlesphere
 16037 | D:12     | Noticed a two-headed ogre
 16153 | D:11     | Reached skill level 5 in Evocations
 16330 | Lair:1   | Entered Level 1 of the Lair of Beasts
 16485 | Lair:1   | Found a dark tunnel.
 16537 | Volcano  | Entered a volcano
 17786 | D:10     | Noticed Sonja
 17795 | D:10     | Killed Sonja
 17882 | D:10     | Noticed Snorg
 17899 | D:10     | Killed Snorg
 18019 | D:10     | Killed Nergalle
 18403 | Lair:2   | Noticed Maggie
 18413 | Lair:2   | Killed Maggie
 18540 | Lair:2   | Found a shimmering altar of Xom.
 18926 | Lair:3   | Noticed a seven-headed hydra
 19380 | Lair:3   | Reached XP level 13. HP: 78/78 MP: 23/23
 19557 | Lair:3   | Reached skill level 11 in Earth Magic
 19789 | Lair:3   | Found a staircase to the Snake Pit.
 20564 | Lair:3   | Found a staircase to the Swamp.
 20969 | Lair:4   | Reached skill level 5 in Translocations
 21310 | Lair:4   | Noticed Kirke
 22638 | D:12     | Found a portal to a secret trove of treasure.
 22988 | D:13     | Found a gate to the Vaults.
 23965 | D:13     | Reached skill level 12 in Earth Magic
 24419 | D:13     | Identified Sif Muna's Reference Book on the Dislocated
                  | Entourage (Sif Muna gifted it to you on level 13 of the
                  | Dungeon)
 24419 | D:13     | Received a gift from Sif Muna
 24670 | D:13     | Found Hiburgh's Antique Weapon Shop.
 25286 | D:9      | Killed Jorgrun
 25286 | D:9      | Reached skill level 10 in Fighting
 25286 | D:9      | Reached skill level 10 in Conjurations
 25286 | D:9      | Gained mutation: Your large and strong wings let you fly
                  | indefinitely. [Gargoyle growth]
 25286 | D:9      | Reached XP level 14. HP: 79/88 MP: 3/24
 25864 | Orc:1    | You are sucked into a shaft and drop 1 floor!
 25864 | Orc:2    | Entered Level 2 of the Orcish Mines
 26018 | Orc:1    | Noticed Maurice
 26033 | Orc:1    | Killed Maurice
 27098 | Orc:2    | Found a staircase to the Elven Halls.
 27310 | Orc:2    | Identified Sif Muna's Magic in Simple Steps (Sif Muna
                  | gifted it to you on level 2 of the Orcish Mines)
 27310 | Orc:2    | Received a gift from Sif Muna
 27489 | Orc:2    | Found Huyc's General Store.
 27490 | Orc:2    | Found Ythreo Yfen's Magic Scroll Boutique.
 29323 | Orc:2    | Reached skill level 10 in Invocations
 29928 | Orc:2    | Reached skill level 13 in Earth Magic
 29928 | Orc:2    | Reached XP level 15. HP: 93/93 MP: 27/27
 32019 | Lair:4   | Killed Kirke
 32583 | Lair:5   | Found a staircase to the Slime Pits.
 32979 | Lair:5   | Identified Sif Muna's Collected Works on Feathers (Sif Muna
                  | gifted it to you on level 5 of the Lair of Beasts)
 32979 | Lair:5   | Received a gift from Sif Muna
 32988 | Lair:5   | Learned a level 4 spell: Iskenderun's Mystic Blast
 32993 | Lair:5   | Learned a level 4 spell: Airstrike
 34218 | Lair:5   | Reached skill level 1 in Air Magic
 34747 | Lair:6   | Entered Level 6 of the Lair of Beasts
 35483 | Lair:6   | Reached skill level 10 in Spellcasting
 35494 | Lair:6   | Reached XP level 16. HP: 92/99 MP: 4/30
 36335 | Lair:6   | Reached skill level 14 in Earth Magic
 36878 | Lair:6   | Identified Lysyw's Tome of Translocation and Slavery (Sif
                  | Muna gifted it to you on level 6 of the Lair of Beasts)
 36878 | Lair:6   | Received a gift from Sif Muna
 38752 | D:14     | Found Qouf's Antique Weapon Shoppe.
 39118 | D:14     | Found Keblov's General Store.
 39121 | D:14     | Bought a scroll of acquirement for 676 gold pieces
 39131 | D:14     | Found Gameseut's Gadget Shop.
 39151 | D:14     | Found Qocesm's General Store.
 39158 | D:14     | Bought an uncursed ring of wizardry for 540 gold pieces
 39395 | D:14     | Bought a scroll of amnesia for 63 gold pieces
 39396 | D:14     | Acquired 930 gold pieces
 39406 | D:14     | Learned a level 7 spell: Orb of Destruction
 39505 | D:14     | Learned a level 2 spell: Blink
 39800 | D:15     | Entered Level 15 of the Dungeon
 39919 | D:15     | Found a gate leading to a gauntlet.
 40193 | D:15     | Got a scintillating glass ring
 40812 | D:15     | Noticed Louise
 41364 | Orc:2    | Bought a scroll of enchant armour for 135 gold pieces
 41364 | Orc:2    | Bought a scroll of blinking for 135 gold pieces
 41388 | Orc:2    | Identified the ring "Noihez" {rElec MR- Str+2 Slay+3 SInv}
                  | (You found it on level 15 of the Dungeon)
 41658 | Orc:2    | Found Oclutit's Antique Armour Shoppe.
 41658 | Orc:2    | Found a one-way gate leading to the halls of Pandemonium.
 41658 | Orc:2    | Found Zeejat's Book Emporium.
 41830 | Orc:2    | Bought a book of the Tempests for 910 gold pieces
 42168 | Snake:1  | Entered Level 1 of the Snake Pit
 42789 | D:13     | Got a jewelled glaive
 42806 | D:13     | Learned a level 5 spell: Lightning Bolt
 43450 | Orc:2    | Bought a book of the Sky for 845 gold pieces
 43458 | Orc:2    | Learned a level 6 spell: Conjure Ball Lightning
 43677 | Swamp:1  | Entered Level 1 of the Swamp
 44692 | Elf:1    | Entered Level 1 of the Elven Halls
 44731 | Elf:1    | Reached skill level 5 in Air Magic
 45226 | Elf:1    | Found Uloso's Antique Weapon Shop.
 45441 | Elf:1    | Found Luveal's Distillery.
 46023 | Elf:1    | Found Herees's Armour Boutique.
 46035 | Elf:1    | Reached XP level 17. HP: 104/104 MP: 32/32
 46049 | Elf:1    | Noticed Asterion
 46596 | Elf:1    | Found Senwos's Assorted Antiques.
 47280 | Elf:1    | Noticed a Brimstone Fiend
 47280 | Elf:1    | Cast into level 2 of the Abyss (a deep elf demonologist)
 47361 | Abyss:2  | Noticed a tentacled starspawn
 47461 | Abyss:2  | Noticed a tentacled monstrosity
 47463 | Abyss:2  | Found a corrupted altar of Lugonu.
 47467 | Abyss:2  | Got a coiled steel ring
 47469 | Abyss:2  | Quit the game

Illustrated notes

Levels and vault maps discovered:
D:1:      dpeg_arrival_arbitrary_c, layout_rooms, minmay_misc_feat_room,
          st_stairs_1, chequers_decorated_corner
D:2:      layout_basic, grunt_temple_overflow_growth_and_decay,
          lightli_temple_of_fire, minmay_misc_feat_doors,
          nicolae_dithmenos_shadow_blocks
D:3:      layout_rooms, fiery_altar_vehumet, grunt_gozag_breadcrumbs,
          uniq_natasha, uniq_robin
D:4:      layout_loops_corners, serial_shops, shop_statue
D:5:      layout_layer_cave, yredelemnul_altar_generic,
          minmay_temple_entry_grid, cheibrodos_sewer_entry_drain
D:6:      layout_cave_pools, mrwooster_statue_mirror
D:7:      layout_loops_corners, makhleb_altar_promises_db,
          nicolae_ossuary_entry_catacombs, serial_shops, shop
D:8:      layout_loops_ring
D:9:      layout_roguey, marbit_many_paths, kennysheep_mini,
          gammafunk_temple_overflow_claw, orc_0_dummy,
          kennysheep_generic_room_14
D:10:     layout_long_grid, lair_entry_dummy, basic_altar, uniq_nergalle,
          uniq_sonja, uniq_snorg, uniq_erica
D:11:     argonaut_augean_stables, layout_layer_cave
D:12:     layout_basic, nicolae_trove_entry_columns, uniq_frances, uniq_nessos
D:13:     layout_irregular_city, erik_vaults_1, serial_shops, shop
D:14:     layout_small_grid, serial_shops, nicolae_shop_crystal,
          nicolae_shop_behind_doors, shop, nicolae_shop_stone,
          minmay_misc_feat_four_crosses, grunt_decor_cap, nrook_campfire
D:15:     hangedman_depths_entry_try_elsewhere_first, layout_basic, basic_altar,
          gauntlet_entry_generic, minivault_15, uniq_agnes, uniq_louise
Temple:   cyrus_temple_forest
Lair:1:   layout_chaotic_city, nicolae_volcano_entry_batcave,
          serial_bayou_shore_b
Lair:2:   layout_roguey, basic_altar, chequers_serial_rivers_micro_b,
          st_stairs_7, lemuel_fruit_fields, uniq_maggie
Lair:3:   layout_gridlike, nicolae_swamp_entry_splash_gauntlet,
          minmay_snake_entry_guardpost_small
Lair:4:   layout_gridlike, uniq_kirke
Lair:5:   lemuel_slime, layout_regular_city, nicolae_slime_entry_slimehenge,
          beast_lair_carwin_9
Lair:6:   guppyfry_lair_end_dragon, layout_cave_pods, grunt_megastairs_3
Swamp:1:  layout_falls_marsh, nicolae_swamp_fairy_circle
Snake:1:  layout_onion
Orc:1:    layout_diamond_mine, special_room [special_room_kobold], uniq_jorgrun,
          uniq_maurice
Orc:2:    pf_orc_diabolical, layout_diamond_mine
Elf:1:    eino_elf_arrival_customs, layout_loops_corners, serial_shops, shop,
          shop, shop, shop, evilmike_minifort, abandoned_shop, uniq_asterion
Abyss:2:  base: D:5, evilmike_abyss_exit_16, gammafunk_abyss_exit_x_factor,
          evilmike_abyss_exit_plants, gammafunk_corrupted_shrine

Skill      XL: |  1  2  3  4  5  6  7  8  9 10 11 12 13 14 15 16 17 |
---------------+----------------------------------------------------+-----
Earth Magic    | 4 5 6 7 8 9 10 12 13 14 | 14.6
Spellcasting   | 3 4 5 6 7 8 10 11 | 11.6
Transmutations | 1 2 3 4 5 6 7 |  7.3
Conjurations   | 1 2 4 5 6 7 8 10 11 13 | 13.6
Fighting       | 1 3 5 6 8 10 11 | 11.2
Shields        | 3 4 |  4.1
Invocations    | 3 5 7 9 10 | 10.0
Evocations     | 2 4 5 |  5.5
Translocations | 2 4 5 |  5.0
Hexes          | 1 3 4 |  4.5
Air Magic      | 1 5 6 |  6.0
Dodging        | |  1.7
Stealth        | |  2.2

Action                   |  1- 3 |  4- 6 |  7- 9 | 10-12 | 13-15 | 16-18 || total
-------------------------+-------+-------+-------+-------+-------+-------++-------
Melee: Unarmed           |    28 |       |       |       |       |       ||    28
       Dagger            |    41 |   101 |   149 |       |       |       ||   291
       Staff             |       |       |    17 |    60 |   241 |   140 ||   458
 Cast: Sandblast         |    36 |    74 |   164 |   286 |   194 |       ||   754
       Stone Arrow       |       |       |    23 |   162 |   547 |   399 ||  1131
       Petrify           |       |       |     3 |    27 |    15 |     5 ||    50
       Lee's Rapid Decon |       |       |       |     8 |     5 |     3 ||    16
       Leda's Liquefacti |       |       |       |     3 |     2 |       ||     5
       Iskenderun's Batt |       |       |       |       |    13 |     5 ||    18
       Teleport Other    |       |       |       |       |     5 |       ||     5
       Iskenderun's Myst |       |       |       |       |     8 |    30 ||    38
       Lightning Bolt    |       |       |       |       |       |    35 ||    35
       Orb of Destructio |       |       |       |       |       |    12 ||    12
Invok: Channel Magic     |       |       |       |       |     4 |     4 ||     8
       Forget Spell      |       |       |       |       |       |     2 ||     2
 Abil: Fly               |       |       |       |       |     1 |       ||     1
Evoke: Wand              |       |       |       |       |       |     1 ||     1
  Use: Scroll            |       |     7 |    15 |    15 |    14 |     8 ||    59
       Potion            |       |       |     1 |     1 |     6 |     8 ||    16
 Stab: Sleeping          |       |     4 |     3 |     1 |       |       ||     8
       Petrified         |       |       |       |     6 |       |       ||     6
Armor: Robe              |    39 |    55 |    83 |    20 |       |       ||   197
       Steam dragon scal |       |       |       |    87 |   285 |   272 ||   644
       Skin              |       |       |       |     6 |       |       ||     6
Dodge: Dodged            |    70 |   109 |   136 |   138 |   278 |   258 ||   989
Block: Other             |       |       |     6 |    17 |       |       ||    23
       Reflection        |       |       |     2 |    25 |    17 |    16 ||    60
       Buckler           |       |       |       |   112 |   292 |   232 ||   636

Table legend: (Time is in decaauts)
 A = Elapsed time spent in this place.
 B = Non-inter-level travel time spent in this place.
 C = Inter-level travel time spent in this place.
 D = Time resting spent in this place.
 E = Time spent auto-exploring this place.
 F = Levels seen in this place.
 G = Mean time per level.
                   A        B        C        D        E       F      G
               +--------+--------+--------+--------+--------+-----+--------+
         Total |  47651 |  44913 |   2738 |  17833 |  18971 |  31 | 1537.1 |
       Dungeon |  22783 |  21287 |   1496 |   7581 |   9775 |  15 | 1518.9 |
        Temple |     96 |     71 |     25 |      0 |     65 |   1 |   96.0 |
          Lair |  12760 |  11868 |    892 |   5301 |   5095 |   6 | 2126.7 |
         Swamp |    724 |    724 |      0 |    285 |    252 |   1 |  724.0 |
     Snake Pit |     80 |     78 |      2 |     21 |      0 |   1 |   80.0 |
  Orcish Mines |   6701 |   6381 |    320 |   3098 |   1833 |   2 | 3350.5 |
   Elven Halls |   2591 |   2591 |      0 |   1405 |    874 |   1 | 2591.0 |
         Abyss |    156 |    156 |      0 |      0 |      0 |   1 |  156.0 |
         Sewer |   1004 |   1004 |      0 |      0 |    793 |   1 | 1004.0 |
       Ossuary |    455 |    455 |      0 |    133 |    192 |   1 |  455.0 |
       Volcano |    294 |    294 |      0 |      9 |     92 |   1 |  294.0 |
               +--------+--------+--------+--------+--------+-----+--------+

Top non-repeatable levels by time:
   Orc:2: 5196 daAuts
  Lair:3: 3258 daAuts
  Lair:6: 3197 daAuts
  Lair:5: 2735 daAuts
   Elf:1: 2591 daAuts
    D:11: 2426 daAuts
     D:9: 2387 daAuts
    D:13: 2366 daAuts
    D:10: 2256 daAuts
    D:12: 1794 daAuts
  Lair:4: 1609 daAuts
     D:5: 1604 daAuts
   Orc:1: 1505 daAuts
     D:8: 1441 daAuts
    D:14: 1364 daAuts
